 Dungeon Crawl Stone Soup version 0.31-a0-1576-ga3383bade6 (console) character file.

Game seed: 1270418915884134203

222226 jejorda2 the Cleaver (level 19, -2/229 HPs)
             Began as a Gnoll Berserker on Jan 3, 2024.
             Was the Champion of Trog.
             Killed by Olgreb's Toxic Radiance
             ... invoked by a naga ritualist
              (6 damage)
             ... on level 4 of the Snake Pit on Jan 4, 2024.
             The game lasted 02:11:23 (47633 turns).

jejorda2 the Cleaver (Gnoll Berserker)             Turns: 47633, Time: 02:11:24

Health: -2/229     AC: 29    Str: 23    XL:     19   Next: 23%
Magic:  36/36      EV: 20    Int:  8    God:    Trog [******]
Gold:   790        SH: 12    Dex: 12    Spells: 44/44 levels left

rFire   + . .        a - +8 trishula {holy, anguish, *Noise Fly rN+}
rCold   . . .        P - +0 kite shield {reflect}
rNeg    + . .        D - +3 plate armour {rPois}
rPois   .            K - +0 helmet {SInv}
rElec   .            E - +1 cloak
rCorr   .            v - +2 pair of gloves
SInv    +            e - +2 pair of slick slippers {slick, slippery, EV+4}
Will    +....        r - amulet of faith Stlth
                     W - +5 ring of evasion
HPRegen 0.58/turn    Y - ring of protection from fire
MPRegen 0.25/turn

%: reflection, faith
@: berserking (expiring), lethally poisoned (-2 -> -53), poison vulnerable,
flying, very quick
A: fangs 1, strong nose, distributed training
}: 1/15 runes: decaying
a: Renounce Religion, Berserk, Trog's Hand, Brothers in Arms


You were on level 4 of the Snake Pit.
You worshipped Trog.
Trog was exalted by your worship.
You visited 5 branches of the dungeon, and saw 30 of its levels.
You also visited: Ice Cave.

You collected 4133 gold pieces.
You spent 3343 gold pieces at shops.

Inventory:

Hand Weapons
 a - the +8 trishula "Condemnation" (weapon) {holy, anguish, *Noise Fly rN+}
   (You found it on level 5 of the Lair of Beasts)

   rN+:       It protects you from negative energy.
   Fly:       It grants you flight.
   *Noise:    It may make a loud noise when swung.
 b - the +8 war axe of Valiance {flame, rN+ SInv}
   (You found it on level 15 of the Dungeon)

   rN+:       It protects you from negative energy.
   SInv:      It lets you see invisible.
 w - a +1 heavy broad axe
Missiles
 c - 3 atropa-tipped darts
 g - 16 javelins
 m - 24 poisoned darts
 u - 8 curare-tipped darts
 x - 4 throwing nets
 L - 3 datura-tipped darts
 X - 20 boomerangs (quivered)
Armour
 e - the +2 pair of slick slippers (worn) {slick, slippery, EV+4}
   (You bought it in a shop on level 11 of the Dungeon)

   Slick:     Its wearer cannot be constricted, engulfed, netted or webbed.
   Slippery:  Its wearer slips away from damaging melee attacks, pulling the
   attacker onward.
   EV+4:      It affects your evasion (+4).
 v - a +2 pair of gloves (worn)
 D - a +3 plate armour of poison resistance (worn)
 E - a +1 cloak (worn)
 J - the +2 pair of boots "Issofih" {+Inv rElec}
   (You bought it in a shop on level 8 of the Dungeon)

   rElec:     It insulates you from electricity.
   +Inv:      It lets you turn invisible.
 K - a +0 helmet of see invisible (worn)
 P - a +0 kite shield of reflection (worn)
Jewellery
 r - an amulet of faith (around neck)
 z - a ring of resist corrosion
 S - the ring "Jimob" {*Corrode rPois rC+ Int+3 Dex+2}
   (You bought it in a shop on level 14 of the Dungeon)

   [ring of protection from cold]

   Int+3:     It affects your intelligence (+3).
   Dex+2:     It affects your dexterity (+2).
   rC+:       It protects you from cold.
   rPois:     It protects you from poison *Corrode: It may corrode you when you
   take damage.
 W - a +5 ring of evasion (left hand)
 Y - a ring of protection from fire (right hand)
Wands
 i - a wand of digging (21)
 p - a wand of flame (21)
 y - a wand of light (26)
 G - a wand of iceblast (9)
 Q - a wand of paralysis (22)
Scrolls
 f - 9 scrolls of fear
 q - 11 scrolls of teleportation
 t - 4 scrolls of revelation
 M - 4 scrolls of poison
 N - 5 scrolls of immolation
 R - 2 scrolls of blinking
 T - 3 scrolls of fog
Potions
 d - 6 potions of curing
 h - 5 potions of might
 k - 7 potions of heal wounds
 l - a potion of cancellation
 n - 4 potions of haste
 s - a potion of attraction
 A - 9 potions of mutation
 F - 5 potions of enlightenment
 O - 6 potions of ambrosia
 U - 2 potions of resistance
 V - 2 potions of invisibility
Miscellaneous
 B - a lightning rod (4/4)
 H - a tin of tremorstones (2/2)


   Skills:
 + Level 14.7 Fighting
 + Level 13.3 Short Blades
 + Level 13.3 Long Blades
 + Level 14.7 Axes
 + Level 13.3 Maces & Flails
 + Level 13.3 Polearms
 + Level 13.3 Staves
 + Level 13.3 Ranged Weapons
 + Level 13.3 Throwing
 + Level 14.1 Armour
 + Level 14.1 Dodging
 + Level 13.3 Stealth
 + Level 13.3 Shields
 + Level 13.3 Unarmed Combat
 + Level 13.3 Spellcasting
 + Level 11.3 Conjurations
 + Level 11.3 Hexes
 + Level 11.3 Summonings
 + Level 11.3 Necromancy
 + Level 11.3 Translocations
 + Level 11.3 Fire Magic
 + Level 11.3 Ice Magic
 + Level 11.3 Air Magic
 + Level 11.3 Earth Magic
 + Level 11.3 Alchemy
 + Level 14.5 Invocations
 + Level 13.3 Evocations
 + Level 12.3 Shapeshifting


You had 44 spell levels left.
You didn't know any spells.
Your spell library was empty.

Dungeon Overview and Level Annotations

Branches:
Dungeon (15/15)            Temple (0/1) D:4            Lair (5/5) D:8
  Swamp (4/4) Lair:3        Snake (4/4) Lair:3        Slime (0/5) Lair:4
    Orc (2/2) D:11            Elf (0/3) Orc:2        Vaults (0/5) D:14
 Depths (0/4) D:15          IceCv (visited)

Altars:
Ashenzari
Dithmenos
Fedhas
Gozag
Hepliaklqana
Nemelex Xobeh
Okawaru
Qazlal
Ru
Sif Muna
Trog
Vehumet
Wu Jian
Xom
Yredelemnul
Zin
The Shining One
Jiyva
Lugonu

Shops:
D:2 (?   D:7 ?*[*(   D:8 [   D:10 ?   D:11 *   D:13 (   D:14 *   Orc:1 ?
Orc:2 :*(=[

Portals:
Abyss: Lair:5

Annotations:
D:6 Jeremiah


Innate Abilities, Weirdness & Mutations

You have very sharp teeth.
Your uncanny sense of smell can sniff out nearby items.
Your experience applies equally to all skills.


Message History

The naga ritualist is almost dead.
You slice the naga!! You burn the naga.
You kill the naga!
Trog accepts your kill.
* * * LOW HITPOINT WARNING * * *
You feel extremely sick.
* * * LOW HITPOINT WARNING * * *
You are more poisoned.
The naga sharpshooter gestures wildly while chanting.
The naga sharpshooter magically shoots an arrow.
The arrow hits you but does no damage.
The naga ritualist calls down the wrath of its god upon you.
You feel yourself grow more vulnerable to poison.
You block the naga ritualist's attack.
The +8 war axe of Valiance {flame, rN+ SInv} stops flaming.
You fly up into the air.
The +8 trishula "Condemnation" {holy, anguish, *Noise Fly rN+} softly glows with a divine radiance!
a - the +8 trishula "Condemnation" (weapon)
{holy, anguish, *Noise Fly rN+}
* * * LOW HITPOINT WARNING * * *
You feel very sick.
The naga sharpshooter gestures wildly while chanting.
The naga sharpshooter magically shoots an arrow.
The arrow hits you!
* * * LOW HITPOINT WARNING * * *
A guardian serpent comes into view.
The guardian serpent shouts!
You puncture the naga ritualist!
You kill the naga ritualist!
Trog accepts your kill.
* * * LOW HITPOINT WARNING * * *
You feel extremely sick.
A nagaraja comes into view. It is wielding a +0 spear.
The naga ritualist spits poison at you.
Your +0 kite shield of reflection blocks the splash of poison... and reflects it back!
The splash of poison hits the naga ritualist.
The naga ritualist is poisoned.
The naga sharpshooter shoots an arrow.
The arrow misses you.
* * * LOW HITPOINT WARNING * * *
You feel extremely sick.
You die...

....##....###.NN#*,,**,,,,,,**,,*
....##....##.).##,,,,**,,,,**,,,*
....##....#...##,,,,,,*#,,**,,,,*
....##..#.'..##,,,,,,,.#*,,,,,,,*
....##..#.N.S##,,,,,,..#*,,,,,,,*
....##....#NNN##,,,,..#*,,**,,,,*
.....'..^.##...##,,..#*,,,,**,,,*
....##...####..)##..#*,,,,,,**,,*
....##...#*,##).@..#*,,,,,,,,**,*
))).##...#*,,##.†...S...,,,,,,***
#)).##.....,,,##......N.,,,,,,***
#...##......,,,##...##S.,,,,,**,*
#†..##.......,,,*#.N.#*.,,,,**,,*
#...##.......,,,**#.[.#*,,,**,,,*
#...#*****,,,,,,*###...#*,**,,,,*
...########******#.##...,,,,,,,,*
...##.....########..##,,,,,,,,,,*


You could see a nagaraja, 2 naga sharpshooters, 2 salamanders, a naga ritualist
(toxic aura, poisoned, catching breath), a shock serpent, a guardian serpent and
a black mamba.

Vanquished Creatures
  Mlioglotl (Snake:1)
  A lich (IceCv)
  The ghost of Giseadgh the Bludgeoner, an adept FoFi of Elyvilon (Lair:5)
  Gastronok (D:8)
  Agnes (D:15)
  Donald (Swamp:3)
  A nagaraja (Snake:4)
  Louise (Snake:2)
  2 orc warlords (Orc:2)
  A very ugly thing (IceCv)
  The ghost of MisterAzrael the Apostle, a journeyman HOFi of Beogh (Orc:2)
  3 eleionomae
  Azrael (Orc:2)
  A bunyip (Swamp:2)
  Snorg (D:11)
  A crystal guardian (D:15)
  A shambling mangrove (Swamp:2)
  22 hydras
  Harold (D:9)
  A ghost crab (Swamp:1)
  5 alligators
  A salamander tyrant (Snake:3)
  4 two-headed ogres
  5 catoblepae
  5 boulder beetles
  An ogre mage (D:15)
  5 anacondas
  3 caustic shrike simulacra (IceCv)
  3 centaur warriors
  A tengu warrior (D:14)
  5 naga warriors
  3 thrashing horrors (Lair:5)
  2 orc high priests
  Urug (Lair:1)
  9 naga sharpshooters
  A skyshark (Lair:5)
  A shock serpent (Snake:2)
  A hell knight (D:15)
  Amaemon (D:8)
  A death drake (Swamp:4)
  2 fire crabs (D:15)
  A skeletal warrior (D:8)
  9 salamander mystics
  A sixfirhy (D:15)
  2 goliath frogs
  5 naga ritualists
  10 swamp dragons
  3 spriggan druids
  4 mana vipers
  An obsidian statue (IceCv)
  19 bog bodies
  An arcanist (D:15)
  A spriggan simulacrum (IceCv)
  A necromancer (IceCv)
  7 deep elf pyromancers
  2 lindwurms (D:15)
  4 orc sorcerers
  3 orc knights
  12 salamanders
  A manticore (D:14)
  Joseph (D:8)
  3 meliai (Lair:5)
  26 elephants
  8 ugly things
  5 will-o-the-wisps
  3 rust devils (D:15)
  A meliai (shapeshifter) (D:14)
  5 guardian serpents
  16 naga magi
  A molten gargoyle (D:15)
  26 black mambas
  3 kobold blastminers (Orc:2)
  10 cane toads
  A smoke demon (Lair:5)
  5 gargoyles
  2 unseen horrors (D:13)
  An efreet (D:15)
  Maggie (D:8)
  An orange demon (D:8)
  6 komodo dragons
  Psyche (D:9)
  A spectral two-headed ogre (Orc:2)
  A kobold demonologist (D:8)
  2 tengu conjurers
  7 rime drakes
  23 freezing wraiths
  4 anaconda simulacra (IceCv)
  An ice devil (IceCv)
  4 bloated husks
  A queen bee (Lair:5)
  7 trolls
  3 polar bears
  5 hornets
  10 tyrant leeches
  5 raiju
  20 blink frogs
  7 dream sheep (Lair:5)
  9 slime creatures
  Sigmund (D:4)
  8 spriggans
  A spriggan (shapeshifter) (D:8)
  2 air elementals
  2 ynoxinuls (Lair:5)
  6 wyverns
  5 wraiths
  A yak (shapeshifter) (D:15)
  3 wargs
  2 water elementals
  A dire elephant simulacrum (IceCv)
  7 basilisks
  58 yaks
  A hog (shapeshifter) (D:14)
  Grum (D:9)
  3 chaos spawn (Lair:5)
  A steam dragon (D:8)
  4 vampire mosquitoes (Swamp:1)
  3 harpy simulacra (IceCv)
  2 minotaur simulacra (IceCv)
  11 swamp worms
  4 acid dragons
  42 nagas
  A hydra simulacrum (IceCv)
  4 hell hounds (Orc:2)
  16 water moccasins
  9 swamp drakes
  2 meliai simulacra (D:15)
  2 black bears
  34 orc warriors
  5 ogres
  2 laughing skulls (D:14)
  7 boggarts
  17 wolves
  8 centaurs
  4 kobold brigands
  A phantom (D:4)
  15 bullfrogs
  2 deep troll simulacra (IceCv)
  2 scorpions
  6 small abominations (Lair:5)
  21 wights
  26 killer bees
  6 lindwurm simulacra (IceCv)
  10 electric eels
  5 howler monkeys
  3 bombardier beetles
  5 jellies
  14 orc priests
  4 hounds
  Terence (D:2)
  A gnoll bouda (D:9)
  3 iguanas
  4 spectral orcs (Orc:2)
  9 hell rats
  16 orc wizards
  11 gnolls
  6 adders
  An ogre simulacrum (Orc:2)
  A shadow imp (D:6)
  3 white imps
  6 ufetubi
  A dart slug (D:3)
  60 orcs
  2 orc simulacra (Orc:2)
  12 ball pythons
  8 bats
  7 endoplasms
  3 giant cockroaches
  10 hobgoblins
  7 jackals
  5 quokkas
  7 frilled lizards
  14 goblins
  7 kobolds
  3 rats
  A spectral kobold (D:1)
1036 creatures vanquished.

Vanquished Creatures (collateral kills)
  the Lernaean hydra (Swamp:4)
  2 yaks (D:11)
3 creatures vanquished.

Vanquished Creatures (others)
  Rupert (D:15)
  A fenstrider witch (Swamp:3)
  4 hydras
  2 ghost crabs (Swamp:4)
  A two-headed ogre (D:13)
  2 boulder beetles
  2 alligators (Swamp:4)
  The ghost of grandjackal the Nimble, a journeyman TeMo of Kikubaaqudgha (D:12)
  2 orc high priests
  2 naga sharpshooters
  4 shock serpents
  2 goliath frogs (Swamp:3)
  2 spriggan druids
  3 swamp dragons
  A bog body (Swamp:3)
  An orc knight (Orc:1)
  A naga ritualist (Snake:1)
  2 orc sorcerers (Orc:2)
  4 salamanders
  A black mamba (Snake:2)
  A guardian serpent (shapeshifter) (D:14)
  A kobold blastminer (Orc:1)
  2 gargoyles (D:15)
  A naga mage (Snake:4)
  A rime drake (Lair:1)
  2 freezing wraiths (IceCv)
  An efreet (D:15)
  A wind drake (shapeshifter) (D:15)
  4 bloated husks
  A tyrant leech (Swamp:3)
  2 hornets
  A shadow (D:12)
  A spriggan (Swamp:3)
  5 swamp worms
  3 nagas
  2 orc warriors
  A killer bee (D:10)
  An orc priest (Orc:2)
  A butterfly (Lair:3)
  12 foxfires
83 creatures vanquished.

Grand Total: 1122 creatures vanquished

Notes
Turn   | Place    | Note
-------+----------+-------------------------------------------
     0 | D:1      | jejorda2 the Gnoll Berserker began the quest for the Orb.
     0 | D:1      | Reached XP level 1. HP: 23/23 MP: 1/1
   110 | D:1      | Reached XP level 2. HP: 29/29 MP: 2/2
   111 | D:1      | Found a faded altar of an unknown god.
   282 | D:1      | Reached XP level 3. HP: 24/35 MP: 3/3
   422 | D:1      | Reached skill level 1 in Invocations
  1145 | D:2      | Reached skill level 1 in Short Blades
  1145 | D:2      | Reached skill level 1 in Long Blades
  1145 | D:2      | Reached skill level 1 in Maces & Flails
  1145 | D:2      | Reached skill level 1 in Polearms
  1145 | D:2      | Reached skill level 1 in Staves
  1145 | D:2      | Reached skill level 1 in Ranged Weapons
  1145 | D:2      | Reached skill level 1 in Throwing
  1145 | D:2      | Reached skill level 1 in Stealth
  1145 | D:2      | Reached skill level 1 in Shields
  1145 | D:2      | Reached skill level 1 in Unarmed Combat
  1145 | D:2      | Reached skill level 1 in Spellcasting
  1145 | D:2      | Reached skill level 1 in Evocations
  1187 | D:2      | Noticed Terence
  1195 | D:2      | Killed Terence
  1196 | D:2      | Reached skill level 1 in Shapeshifting
  1196 | D:2      | Reached XP level 4. HP: 37/41 MP: 5/5
  1214 | D:2      | Found Ulextar's Antique Weapon Emporium.
  1346 | D:2      | Reached ** piety under Trog
  1364 | D:2      | Reached skill level 1 in Conjurations
  1364 | D:2      | Reached skill level 1 in Hexes
  1364 | D:2      | Reached skill level 1 in Summonings
  1364 | D:2      | Reached skill level 1 in Necromancy
  1364 | D:2      | Reached skill level 1 in Translocations
  1364 | D:2      | Reached skill level 1 in Fire Magic
  1364 | D:2      | Reached skill level 1 in Ice Magic
  1364 | D:2      | Reached skill level 1 in Air Magic
  1364 | D:2      | Reached skill level 1 in Earth Magic
  1364 | D:2      | Reached skill level 1 in Alchemy
  1409 | D:2      | Found The Oracle's Delphic Readings.
  1438 | D:2      | Bought a scroll of identify for 26 gold pieces
  2005 | D:3      | Reached XP level 5. HP: 46/47 MP: 7/7
  2280 | D:3      | Found a sparkling altar of Nemelex Xobeh.
  2524 | D:3      | Found a basalt altar of Yredelemnul.
  2635 | D:3      | Found a stormy altar of Qazlal.
  2693 | D:3      | Found a hazy altar of Hepliaklqana.
  2732 | D:3      | Identified the +1 shortbow "Esoado Ejurch" {heavy, *Corrode
                  | rElec Int+4}
  3017 | D:4      | Noticed Sigmund
  3020 | D:4      | Noticed a phantom
  3024 | D:4      | Killed Sigmund
  3025 | D:4      | Reached skill level 5 in Armour
  3025 | D:4      | Reached skill level 5 in Dodging
  3025 | D:4      | Reached XP level 6. HP: 53/53 MP: 7/9
  3029 | D:4      | Reached XP level 7. HP: 60/60 MP: 7/10
  3167 | D:4      | You fall into a shaft and drop 3 floors!
  3168 | D:7      | Found Aczyaqy's Magic Scroll Shop.
  3171 | D:7      | Bought a scroll of revelation for 82 gold pieces
  3171 | D:7      | Bought a scroll of teleportation for 33 gold pieces
  3186 | D:7      | Found Dageypn's Antique Armour Shoppe.
  3652 | D:6      | Reached XP level 8. HP: 67/67 MP: 12/12
  3810 | D:6      | Noticed Jeremiah
  3815 | D:5      | Entered Level 5 of the Dungeon
  4142 | D:4      | Found a staircase to the Ecumenical Temple.
  4299 | D:4      | Reached *** piety under Trog
  5016 | D:5      | Found an ornate altar of the Wu Jian Council.
  5089 | D:5      | Found a glowing golden altar of the Shining One.
  6131 | D:6      | Reached XP level 9. HP: 58/73 MP: 14/14
  6287 | D:7      | Found Rabb's Antique Weapon Boutique.
  6424 | D:7      | Found a shadowy altar of Dithmenos.
  6518 | D:7      | Reached **** piety under Trog
  6670 | D:7      | Found Roraelyc's General Store.
  6823 | D:7      | Found a sacrificial altar of Ru.
  6922 | D:7      | Found Kofijis's General Store.
  7587 | D:8      | Reached skill level 5 in Invocations
  7655 | D:8      | Reached skill level 5 in Short Blades
  7655 | D:8      | Reached skill level 5 in Long Blades
  7655 | D:8      | Reached skill level 5 in Maces & Flails
  7655 | D:8      | Reached skill level 5 in Polearms
  7655 | D:8      | Reached skill level 5 in Staves
  7655 | D:8      | Reached skill level 5 in Ranged Weapons
  7655 | D:8      | Reached skill level 5 in Throwing
  7655 | D:8      | Reached skill level 5 in Stealth
  7655 | D:8      | Reached skill level 5 in Shields
  7655 | D:8      | Reached skill level 5 in Unarmed Combat
  7655 | D:8      | Reached skill level 5 in Spellcasting
  7655 | D:8      | Reached skill level 5 in Evocations
  7655 | D:8      | Reached XP level 10. HP: 46/81 MP: 17/17
  7836 | D:8      | Noticed a deep elf pyromancer
  7842 | D:8      | Killed a deep elf pyromancer
  7915 | D:8      | Noticed a two-headed ogre
  7915 | D:8      | Noticed a gargoyle
  7920 | D:8      | Noticed a skeletal warrior
  8019 | D:8      | Killed a two-headed ogre
  8020 | D:8      | Reached skill level 5 in Shapeshifting
  8182 | D:8      | Killed a skeletal warrior
  8272 | D:8      | Found a staircase to the Lair.
  8284 | D:8      | Noticed Maggie
  8287 | D:8      | Noticed an orange demon
  8289 | D:8      | Noticed Amaemon
  8296 | D:8      | Killed Maggie
  8298 | D:8      | Noticed a kobold demonologist
  8301 | D:8      | Noticed a sixfirhy
  8304 | D:8      | Noticed a smoke demon
  8304 | D:8      | Noticed a soul eater
  8655 | D:8      | Reached skill level 5 in Conjurations
  8655 | D:8      | Reached skill level 5 in Hexes
  8655 | D:8      | Reached skill level 5 in Summonings
  8655 | D:8      | Reached skill level 5 in Necromancy
  8655 | D:8      | Reached skill level 5 in Translocations
  8655 | D:8      | Reached skill level 5 in Fire Magic
  8655 | D:8      | Reached skill level 5 in Ice Magic
  8655 | D:8      | Reached skill level 5 in Air Magic
  8655 | D:8      | Reached skill level 5 in Earth Magic
  8655 | D:8      | Reached skill level 5 in Alchemy
  8782 | D:8      | Reached XP level 11. HP: 74/89 MP: 20/20
  9297 | D:8      | Found Kajirph's Antique Armour Shop.
  9312 | D:8      | Noticed Gastronok
  9317 | D:8      | Killed Amaemon
  9331 | D:8      | HP: 4/89 [river rat[Gastronok] (6)]
  9600 | D:8      | Killed Gastronok
  9680 | D:8      | Noticed Joseph
  9696 | D:8      | Killed Joseph
 10025 | D:9      | Noticed a two-headed ogre
 10035 | D:9      | Killed a two-headed ogre
 10087 | D:9      | Found a shimmering blue altar of Sif Muna.
 10213 | D:9      | Found a blossoming altar of Fedhas.
 10245 | D:9      | Found a broken altar of Ashenzari.
 10383 | D:9      | Noticed Psyche
 10390 | D:9      | Killed Psyche
 10476 | D:9      | Noticed Grum
 10501 | D:9      | Killed Grum
 10584 | D:9      | Noticed a boulder beetle
 10596 | D:9      | Killed a boulder beetle
 10615 | D:9      | Found a bloodstained altar of Trog.
 10622 | D:9      | Noticed Harold
 10635 | D:9      | Killed Harold
 10723 | D:9      | Noticed a two-headed ogre
 10733 | D:9      | Killed a two-headed ogre
 10734 | D:9      | Reached XP level 12. HP: 91/97 MP: 22/22
 11312 | D:8      | Found Kajirph's Antique Armour Shop.
 11673 | D:8      | Found a staircase to the Lair.
 12307 | D:7      | Bought a +3 plate armour of poison resistance for 588 gold
                  | pieces
 12418 | D:10     | Entered Level 10 of the Dungeon
 12876 | D:10     | Killed a boulder beetle
 12898 | D:10     | Reached skill level 10 in Fighting
 12898 | D:10     | Reached skill level 10 in Axes
 12958 | D:10     | Found Qaggoveol's Magic Scroll Shop.
 12959 | D:10     | Found a shimmering altar of Xom.
 12982 | D:10     | Found an opulent altar of Gozag.
 13431 | D:10     | Found a glowing silver altar of Zin.
 13469 | D:10     | Found a radiant altar of Vehumet.
 13648 | D:11     | Found Mefaly's Assorted Antiques.
 13654 | D:11     | Bought a green potion for 22 gold pieces
 15078 | D:11     | Noticed Snorg
 15090 | D:11     | Killed Snorg
 15418 | D:11     | Found a staircase to the Orcish Mines.
 15500 | D:11     | Bought an embroidered scarf for 200 gold pieces
 15538 | Lair:1   | Entered Level 1 of the Lair of Beasts
 15892 | Lair:1   | Noticed a catoblepas
 15903 | Lair:1   | Killed a catoblepas
 16094 | Lair:1   | Noticed Urug
 16102 | Lair:1   | Killed Urug
 16103 | Lair:1   | Reached XP level 13. HP: 104/104 MP: 25/25
 18148 | Lair:2   | Reached skill level 10 in Armour
 18148 | Lair:2   | Reached skill level 10 in Dodging
 18154 | Lair:2   | Reached ***** piety under Trog
 18974 | Lair:3   | Found a staircase to the Swamp.
 19450 | Lair:3   | Reached XP level 14. HP: 113/113 MP: 27/27
 19460 | Lair:3   | Reached skill level 10 in Invocations
 19612 | Lair:3   | Found a sparkling altar of Nemelex Xobeh.
 20053 | Lair:3   | Found a staircase to the Snake Pit.
 20426 | D:8      | Bought a pair of encrusted boots for 275 gold pieces
 20426 | D:8      | Identified the +2 pair of boots "Issofih" {+Inv rElec} (You
                  | bought it in a shop on level 8 of the Dungeon)
 20729 | Lair:4   | Found a viscous altar of Jiyva.
 20730 | Lair:4   | Found a staircase to the Slime Pits.
 20793 | Lair:4   | You fall into a shaft and drop 1 floor!
 20793 | Lair:5   | Entered Level 5 of the Lair of Beasts
 20794 | Lair:5   | Found the +8 trishula "Condemnation" {holy, anguish, *Noise
                  | Fly rN+}
 20794 | Lair:5   | Noticed Giseadgh's ghost (adept FoFi)
 20794 | Lair:5   | Found a runed translucent door.
 23104 | Lair:5   | Reached ****** piety under Trog
 23477 | Lair:5   | Identified the +0 robe of Vesyck {Will+ Int+5}
 23794 | Lair:5   | Received a gift from Trog
 23849 | Lair:5   | Reached skill level 10 in Short Blades
 23849 | Lair:5   | Reached skill level 10 in Long Blades
 23849 | Lair:5   | Reached skill level 10 in Maces & Flails
 23849 | Lair:5   | Reached skill level 10 in Polearms
 23849 | Lair:5   | Reached skill level 10 in Staves
 23849 | Lair:5   | Reached skill level 10 in Ranged Weapons
 23849 | Lair:5   | Reached skill level 10 in Throwing
 23849 | Lair:5   | Reached skill level 10 in Stealth
 23849 | Lair:5   | Reached skill level 10 in Shields
 23849 | Lair:5   | Reached skill level 10 in Unarmed Combat
 23849 | Lair:5   | Reached skill level 10 in Spellcasting
 23849 | Lair:5   | Reached skill level 10 in Evocations
 23963 | Lair:5   | Reached XP level 15. HP: 120/120 MP: 29/29
 24211 | Lair:5   | Found a corrupted altar of Lugonu.
 24211 | Lair:5   | Found a one-way gate to the infinite horrors of the Abyss.
 24734 | Lair:5   | Killed Giseadgh's ghost
 25928 | D:12     | Found a runed translucent door.
 25929 | D:12     | Noticed grandjackal's ghost (journeyman TeMo)
 25949 | D:12     | Killed grandjackal's ghost
 26315 | D:13     | Found Zyurimal's Antique Weapon Emporium.
 26332 | D:13     | Identified the +11 rapier "Movvei" {freeze, ^Contam rC+
                  | rN+}
 26399 | D:13     | Found an iron altar of Okawaru.
 27256 | D:7      | Bought a glowing helmet for 195 gold pieces
 27429 | D:14     | Found Cuceah's Assorted Antiques.
 27494 | D:14     | Received a gift from Trog
 28106 | D:14     | Found a gate to the Vaults.
 28303 | D:14     | Upgraded the game from 0.31-a0-1570-g93c622d222 to
                  | 0.31-a0-1576-ga3383bade6
 28348 | D:15     | Entered Level 15 of the Dungeon
 28433 | D:15     | Paralysed by an air elemental for 1 turns
 28459 | D:15     | Paralysed by an air elemental for 1 turns
 29107 | D:15     | Found a staircase to the Depths.
 29124 | D:15     | Identified the staff of Circularity {+Blink rF+ Will++
                  | Str+3 Int-5 Fire}
 29200 | D:15     | Reached skill level 10 in Shapeshifting
 29317 | D:14     | Bought a brightly glowing lapis lazuli ring for 185 gold
                  | pieces
 29317 | D:14     | Identified the ring "Jimob" {*Corrode rPois rC+ Int+3
                  | Dex+2} (You bought it in a shop on level 14 of the Dungeon)
 29424 | D:15     | Noticed Rupert
 29439 | D:15     | Killed Rupert
 29454 | D:15     | Reached XP level 16. HP: 71/129 MP: 30/30
 29620 | D:15     | Noticed Agnes
 29630 | D:15     | Killed Agnes
 30333 | D:15     | Identified the +8 war axe of Valiance {flame, rN+ SInv}
 30356 | D:15     | Identified the +5 chain mail of Ehenk {Stlth+}
 31073 | D:15     | Found a staircase to the Depths.
 31240 | Orc:1    | Entered Level 1 of the Orcish Mines
 31477 | D:14     | Bought a runed scarf for 296 gold pieces
 31618 | Orc:1    | Found Nownafas's Magic Scroll Shop.
 31642 | Orc:1    | Received a gift from Trog
 31894 | Orc:2    | Entered Level 2 of the Orcish Mines
 31894 | Orc:2    | Found Ticuaski's General Store.
 32226 | Orc:2    | Paralysed by an orc sorcerer for 5 turns
 32425 | Orc:2    | Found Zumypsug's Book Emporium.
 32440 | Orc:2    | Found a staircase to the Elven Halls.
 32624 | Orc:2    | Found a runed translucent gate.
 32624 | Orc:2    | Found a runed translucent gate.
 32738 | Orc:2    | Found a runed translucent gate.
 32739 | Orc:2    | Noticed MisterAzrael's ghost (journeyman HOFi)
 32754 | Orc:2    | Found Naxy's Antique Weapon Emporium.
 32983 | Orc:2    | Found Reub's Jewellery Boutique.
 32995 | Orc:2    | Found Kelesump's Antique Armour Emporium.
 33098 | Orc:2    | Noticed Azrael
 33107 | Orc:2    | Killed Azrael
 33389 | Orc:2    | Killed MisterAzrael's ghost
 33733 | Orc:1    | Received a gift from Trog
 34179 | D:7      | Bought a potion of curing for 33 gold pieces
 34254 | D:11     | Bought a small steel ring for 125 gold pieces
 34330 | D:7      | Bought a lightning rod (4/4) for 440 gold pieces
 34471 | Orc:1    | Bought a scroll of fog for 64 gold pieces
 34504 | Orc:2    | Bought a potion of invisibility for 104 gold pieces
 34710 | Swamp:1  | Entered Level 1 of the Swamp
 36128 | Swamp:2  | Reached XP level 17. HP: 104/137 MP: 32/32
 36354 | Swamp:2  | Identified the +10 hand axe of Ruaxiq {flame, Will+ Dex+4}
 36795 | Swamp:3  | Reached skill level 10 in Conjurations
 36795 | Swamp:3  | Reached skill level 10 in Hexes
 36795 | Swamp:3  | Reached skill level 10 in Summonings
 36795 | Swamp:3  | Reached skill level 10 in Necromancy
 36795 | Swamp:3  | Reached skill level 10 in Translocations
 36795 | Swamp:3  | Reached skill level 10 in Fire Magic
 36795 | Swamp:3  | Reached skill level 10 in Ice Magic
 36795 | Swamp:3  | Reached skill level 10 in Air Magic
 36795 | Swamp:3  | Reached skill level 10 in Earth Magic
 36795 | Swamp:3  | Reached skill level 10 in Alchemy
 37703 | Swamp:3  | Received a gift from Trog
 38285 | Swamp:4  | Entered Level 4 of the Swamp
 38613 | Swamp:4  | Noticed Donald
 38703 | Swamp:3  | Killed Donald
 39578 | Swamp:4  | Received a gift from Trog
 40208 | Swamp:4  | Noticed the 27-headed Lernaean hydra
 40214 | Swamp:4  | Killed the 26-headed Lernaean hydra
 40554 | Swamp:4  | Got a decaying rune of Zot
 40813 | Swamp:4  | Reached XP level 18. HP: 146/146 MP: 34/34
 41410 | D:11     | Bought the +2 pair of slick slippers {slick, slippery,
                  | EV+4} for 675 gold pieces
 41410 | D:11     | Found the +2 pair of slick slippers {slick, slippery, EV+4}
 41527 | Snake:1  | Entered Level 1 of the Snake Pit
 42468 | Snake:1  | Noticed Mlioglotl
 42484 | Snake:1  | Killed Mlioglotl
 43094 | Snake:2  | Received a gift from Trog
 43244 | Snake:2  | Found a transporter.
 43245 | Snake:2  | Found a transporter.
 43687 | Snake:2  | Found a transporter.
 43688 | Snake:2  | Found a transporter.
 43830 | Snake:2  | Noticed Louise
 43855 | Snake:2  | Killed Louise
 43993 | Snake:2  | Found a transporter.
 44003 | Snake:2  | Found a transporter.
 44646 | Snake:3  | Found a shimmering blue altar of Sif Muna.
 45646 | Snake:4  | Entered Level 4 of the Snake Pit
 45720 | Snake:4  | Found a frozen archway.
 45733 | Snake:4  | Identified the +6 dagger of Overwhelming Force {flame,
                  | *Slow Str+4 Int-2 SInv} (Trog gifted it to you on level 4
                  | of the Snake Pit)
 45733 | Snake:4  | Received a gift from Trog
 45744 | IceCv    | Entered an ice cave
 46217 | IceCv    | Found an ancient bone altar of Kikubaaqudgha.
 46322 | IceCv    | Noticed a lich
 46328 | IceCv    | Killed a lich
 46678 | Snake:4  | Reached XP level 19. HP: 144/153 MP: 36/36
 46707 | Snake:4  | Received a gift from Trog
 47633 | Snake:4  | HP: 4/229 [poisoned by a naga ritualist (toxic radiance)]
 47633 | Snake:4  | Killed from afar by a naga ritualist

Illustrated notes

Levels and vault maps discovered:
D:1:      hellmonk_arrival_library, layout_basic,
          dreamdust_ecumenical_altar_drowned_temple
D:2:      kennysheep_the_goblin_king, layout_loops_corners, serial_shops,
          nicolae_diamond_shop, nicolae_nh_oracle_at_delphi, uniq_terence
D:3:      layout_loops_ring, lemuel_doored_altar,
          mainiacjoe_overflow_six_doors_small, nzn_hepliaklqana_mist_gate,
          nemelex_dance_club_becter, serial_forest, infiniplex_forest_lined_2,
          infiniplex_forest_straight_2, infiniplex_forest_lined_corner,
          infiniplex_forest_clump_double, infiniplex_forest_clump_diagonal,
          infiniplex_forest_clump_tiny, infiniplex_forest_clump_large
D:4:      layout_basic, minmay_temple_entry_statues_fountains,
          serial_park_tiny_2, kennysheep_potato, uniq_sigmund
D:5:      layout_loops_cross, kennysheep_mini_moat,
          mainiacjoe_overflow_small_starburst,
          serial_library_regret_index_double_sided, kennysheep_flooded_box,
          chequers_serial_rivers_small_3, chequers_jeans
D:6:      layout_basic, corexii_leaking_fountain, uniq_jeremiah
D:7:      layout_loops_cross, nicolae_overflow_crystal_walls,
          amcnicky_altar_gilded, serial_shops, shop, shop, shop, shop,
          nicolae_shop_waterfront
D:8:      minmay_the_grid_four_pointed_star [minmay_the_grid_triangle_9x9_sprig,
          minmay_the_grid_triangle_9x9_wacky_v,
          minmay_the_grid_triangle_9x9_swiss_cheese,
          minmay_the_grid_triangle_9x9_from_above,
          minmay_the_grid_prize_four_corners], layout_loops_ring, serial_shops,
          nicolae_shop_statue_plus, kennysheep_cross_room,
          grunt_decor_one_mirror, uniq_amaemon, uniq_joseph, uniq_gastronok,
          uniq_maggie
D:9:      layout_roguey, nicolae_sif_muna_condensation, trog_book,
          kennysheep_mini, ashenzari_conservatory_becter, columned_hall_lemuel,
          uniq_grum, uniq_psyche, uniq_harold
D:10:     layout_basic, xom_confusion_cloud, grunt_gozag_breadcrumbs,
          vehumet_crystals, zin_scriptorium, serial_shops, shop
D:11:     layout_small_grid, erik_orc_2, serial_shops, shop, uniq_snorg
D:12:     layout_roguey, gammafunk_ghost_grave
D:13:     layout_stronghold, serial_shops, shop, kennysheep_okawaru_gauntlet
D:14:     layout_loops_ring, david_vaults_4, serial_shops, shop,
          hangedman_abyss_or_decor_stagger, minmay_misc_feat_chi,
          grunt_ministairs_11
D:15:     hangedman_crystal_crosses_colossus [crystal_crosses_arms_two,
          crystal_crosses_arms_two, crystal_crosses_arms_one], serial_shops,
          uniq_rupert, uniq_agnes
Lair:1:   layout_loops_ring, minmay_hedge_maze, uniq_urug
Lair:2:   layout_gridlike, grunt_megastairs_2
Lair:3:   layout_regular_city, swamp_mist, nicolae_snake_entry_squirm,
          basic_altar, lemuel_fruit_fields
Lair:4:   layout_hall_layers, slime_entry_1
Lair:5:   hellmonk_lair_end_abyssal_woods, layout_loops_ring, special_room
          [special_room_bee], ebering_ghost_inner_flame, lemuel_fruit_tree
Swamp:1:  layout_basic_swamp, serial_swamp_ruin, evilmike_swamp_ruin_house_4,
          evilmike_swamp_ruin_house_6, hangedman_swamp_ruin_wall,
          nicolae_swamp_fairy_circle
Swamp:2:  layout_falls_marsh, nicolae_swamp_tree_isthmus,
          nicolae_swamp_baby_hydras, infiniplex_staircase_pool
Swamp:3:  layout_falls_marsh, evilmike_swamp_ruin_house_2, swamp_pool_4,
          tekkud_bubbles_buried_in_this_jungle
Swamp:4:  grunt_swamp_rune_castle, layout_basic_swamp, swamp_pool_4,
          roderic_carrion_pond, nicolae_swamp_soggy_hallways, uniq_donald
Snake:1:  layout_cave_shapes, uniq_mlioglotl
Snake:2:  layout_basic, serial_nicolae_subway, nicolae_sub_station_stone,
          nicolae_sub_station_crystal, nicolae_sub_station_metal, uniq_louise
Snake:3:  layout_layer_cave, basic_altar, serial_bayou_pond_d,
          nicolae_integral_box
Snake:4:  johnstein_snake_rune_scales, layout_grid_maze,
          portal_ice_cave_entry_pillars_2
Orc:1:    layout_caves, serial_shops, nicolae_shop_gibbet_a_chance, basic_altar
Orc:2:    grunt_orc_gardens, layout_caves, grunt_orc_garden, grunt_orc_garden,
          grunt_orc_garden, grunt_orc_garden, gammafunk_ghost_necromancy,
          serial_shops, nicolae_diamond_shop, nicolae_orc_beogh_chapel,
          library_closet, uniq_azrael

Skill      XL: |  1  2  3  4  5  6  7  8  9 10 11 12 13 14 15 16 17 18 19 |
---------------+----------------------------------------------------------+-----
Invocations    | 1 2 3 4 5 6 7 8 9 10 11 12 13 14 | 14.5
Short Blades   | 1 2 3 5 6 7 8 9 10 11 12 13 | 13.3
Long Blades    | 1 2 3 5 6 7 8 9 10 11 12 13 | 13.3
Maces & Flails | 1 2 3 5 6 7 8 9 10 11 12 13 | 13.3
Polearms       | 1 2 3 5 6 7 8 9 10 11 12 13 | 13.3
Staves         | 1 2 3 5 6 7 8 9 10 11 12 13 | 13.3
Ranged Weapons | 1 2 3 5 6 7 8 9 10 11 12 13 | 13.3
Throwing       | 1 2 3 5 6 7 8 9 10 11 12 13 | 13.3
Stealth        | 1 2 3 5 6 7 8 9 10 11 12 13 | 13.3
Shields        | 1 2 3 5 6 7 8 9 10 11 12 13 | 13.3
Unarmed Combat | 1 2 3 5 6 7 8 9 10 11 12 13 | 13.3
Spellcasting   | 1 2 3 5 6 7 8 9 10 11 12 13 | 13.3
Evocations     | 1 2 3 5 6 7 8 9 10 11 12 13 | 13.3
Shapeshifting  | 1 2 3 4 5 6 7 8 9 10 11 12 | 12.3
Conjurations   | 1 2 3 4 5 6 7 8 9 10 11 | 11.3
Hexes          | 1 2 3 4 5 6 7 8 9 10 11 | 11.3
Summonings     | 1 2 3 4 5 6 7 8 9 10 11 | 11.3
Necromancy     | 1 2 3 4 5 6 7 8 9 10 11 | 11.3
Translocations | 1 2 3 4 5 6 7 8 9 10 11 | 11.3
Fire Magic     | 1 2 3 4 5 6 7 8 9 10 11 | 11.3
Ice Magic      | 1 2 3 4 5 6 7 8 9 10 11 | 11.3
Air Magic      | 1 2 3 4 5 6 7 8 9 10 11 | 11.3
Earth Magic    | 1 2 3 4 5 6 7 8 9 10 11 | 11.3
Alchemy        | 1 2 3 4 5 6 7 8 9 10 11 | 11.3
Armour         | 5 6 7 8 9 10 11 12 13 14 | 14.1
Dodging        | 5 6 7 8 9 10 11 12 13 14 | 14.1
Fighting       | 7 8 9 10 11 12 13 14 | 14.7
Axes           | 7 8 9 10 11 12 13 14 | 14.7

Action                     |  1- 3 |  4- 6 |  7- 9 | 10-12 | 13-15 | 16-18 | 19-21 || total
---------------------------+-------+-------+-------+-------+-------+-------+-------++-------
  Melee: Hand axe          |    93 |   126 |   123 |       |       |       |       ||   342
         Bite              |     4 |     9 |    49 |    53 |   148 |   219 |    19 ||   501
         Punch             |     1 |     1 |    11 |    23 |    67 |       |       ||   103
         War axe           |       |       |   220 |    18 |       |     7 |     6 ||   251
         Morningstar       |       |       |    29 |   278 |    31 |       |       ||   338
         Broad axe         |       |       |       |   167 |   606 |       |       ||   773
         Glaive            |       |       |       |     4 |       |       |       ||     4
         Trishula          |       |       |       |       |   385 |  1908 |   156 ||  2449
  Throw: Dart              |       |       |     1 |    74 |    90 |    17 |       ||   182
         Javelin           |       |       |       |     1 |    17 |     5 |       ||    23
         Boomerang         |       |       |       |       |       |    40 |     9 ||    49
 Invoke: Berserk           |     1 |     1 |     5 |    20 |    18 |    14 |     2 ||    61
         Trog's Hand       |       |     1 |     2 |    13 |    11 |    15 |       ||    42
         Brothers in Arms  |       |       |       |     2 |     1 |     1 |     1 ||     5
  Evoke: Wand              |       |       |     3 |     7 |     4 |       |       ||    14
    Use: Scroll            |       |     5 |    11 |    11 |     7 |     3 |       ||    37
         Potion            |       |       |       |     4 |     3 |       |       ||     7
   Stab: Sleeping          |     1 |       |       |       |       |       |       ||     1
         Petrified         |       |       |       |       |     7 |       |       ||     7
         Petrifying        |       |       |       |       |     1 |       |       ||     1
         Distracted        |       |       |       |       |     2 |     2 |     1 ||     5
 Armour: Animal skin       |    46 |       |       |       |       |       |       ||    46
         Plate armour      |    14 |   106 |   419 |   615 |  1388 |   997 |    52 ||  3591
  Dodge: Dodged            |    55 |    32 |   193 |   308 |   673 |   814 |    62 ||  2137
  Block: Kite shield       |       |       |       |       |    60 |   837 |    66 ||   963
         Reflection        |       |       |       |       |       |    39 |     8 ||    47
         Buckler           |       |       |       |       |       |     9 |       ||     9

Table legend: (Time is in decaauts)
 A = Elapsed time spent in this place.
 B = Non-inter-level travel time spent in this place.
 C = Inter-level travel time spent in this place.
 D = Time resting spent in this place.
 E = Time spent auto-exploring this place.
 F = Levels seen in this place.
 G = Mean time per level.
                   A        B        C        D        E       F      G
               +--------+--------+--------+--------+--------+-----+--------+
         Total |  48346 |  44773 |   3573 |   5927 |  29999 |  31 | 1559.5 |
       Dungeon |  23427 |  21125 |   2302 |   2368 |  14898 |  15 | 1561.8 |
          Lair |   9745 |   9176 |    569 |   1318 |   6036 |   5 | 1949.0 |
         Swamp |   6678 |   6519 |    159 |   1174 |   4201 |   4 | 1669.5 |
     Snake Pit |   5113 |   4835 |    278 |    284 |   3483 |   4 | 1278.2 |
  Orcish Mines |   2605 |   2342 |    263 |    650 |   1086 |   2 | 1302.5 |
      Ice Cave |    775 |    775 |      0 |    131 |    293 |   1 |  775.0 |
               +--------+--------+--------+--------+--------+-----+--------+

Top non-repeatable levels by time:
     D:8: 4533 daAuts
  Lair:5: 2946 daAuts
    D:11: 2449 daAuts
    D:15: 2412 daAuts
  Lair:2: 2222 daAuts
 Swamp:4: 2150 daAuts
 Swamp:3: 2082 daAuts
  Lair:4: 1626 daAuts
   Orc:2: 1605 daAuts
  Lair:3: 1542 daAuts
     D:9: 1478 daAuts
 Snake:2: 1424 daAuts
  Lair:1: 1408 daAuts
 Snake:1: 1383 daAuts
    D:14: 1368 daAuts
